 Dungeon Crawl Stone Soup version 0.31-a0-523-g071a6c1ffa (webtiles) character file.

Game seed: 13780362835324207897

102 arthad the Shield-Bearer (level 4, 0/41 HPs)
             Began as a Minotaur Fighter on Aug 11, 2023.
             Slain by Grinder (8 damage)
             ... on level 4 of the Dungeon.
             The game lasted 00:03:00 (2304 turns).

arthad the Shield-Bearer (Minotaur Fighter)         Turns: 2304, Time: 00:03:01

Health: 0/41       AC:  7    Str: 22    XL:     4   Next: 50%
Magic:  3/3        EV: 10    Int:  5    God:
Gold:   198        SH:  4    Dex: 10    Spells: 3/3 levels left

rFire   . . .        a - +0 war axe
rCold   . . .        c - +0 buckler
rNeg    . . .        b - +0 scale mail
rPois   .            (helmet restricted)
rElec   .            (no cloak)
rCorr   .            (no gloves)
SInv    .            (no boots)
Will    .....        (no amulet) Stlth
                     (no ring)
HPRegen 0.26/turn    (no ring)
MPRegen 0.08/turn

%: no passive effects
@: no status effects
A: horns 2, retaliatory headbutt
a: no special abilities


You were on level 4 of the Dungeon.
You visited 1 branch of the dungeon, and saw 4 of its levels.

You collected 198 gold pieces.

Inventory:

Hand Weapons
 a - a +0 war axe (weapon)
Missiles
 f - 7 boomerangs
 s - 3 poisoned darts (quivered)
Armour
 b - a +0 scale mail (worn)
 c - a +0 buckler (worn)
Jewellery
 k - a ring of wizardry
Scrolls
 g - 2 scrolls of butterflies {unknown}
 h - 4 scrolls of identify {unknown}
 i - 2 scrolls of noise {unknown}
 j - 2 scrolls of teleportation {unknown}
 n - 2 scrolls of immolation {unknown}
 o - a scroll of poison {unknown}
 p - a scroll of blinking {unknown}
 v - a scroll of revelation {unknown}
Potions
 d - a potion of might
 e - a potion of heal wounds {unknown}
 l - a potion of curing {unknown}
 m - a potion of resistance {unknown}
 q - a potion of attraction {unknown}
 r - a potion of invisibility {unknown}
 t - a potion of degeneration {unknown}
 u - a potion of cancellation {unknown}


   Skills:
 * Level 4.4 Fighting
 * Level 3.4 Axes
 * Level 4.2 Armour
 + Level 1.3 Dodging
 * Level 4.4 Shields


You had 3 spell levels left.
You didn't know any spells.
Your spell library was empty.

Dungeon Overview and Level Annotations

Branches:
Dungeon (4/15)
 Temple: D:4-7

Altars:
Uskayaw

Annotations:
D:3 1 runed translucent door, knightboat's ghost, amateur DrCj
D:4 Grinder


Innate Abilities, Weirdness & Mutations

You have a pair of horns on your head.
You reflexively headbutt those who attack you in melee.


Message History

Grinder hits you.
You writhe in agony.
You slash Grinder!
Grinder is heavily wounded.
Grinder blinks!
Grinder says, "Don't move a muscle."
Grinder gestures at you.
You suddenly lose the ability to move!
Grinder gestures at you. You resist with significant effort.
You can move again.
Unknown command.
Unknown command.
Unknown command.
You closely miss Grinder.
Grinder is heavily wounded.
Grinder hits you.
You writhe in agony.
Grinder gestures at you.
You barely resist. You closely miss Grinder.
Grinder is heavily wounded.
Grinder hits you.
You hit Grinder.
Grinder is heavily wounded.
Grinder gestures at you.
You barely resist. Grinder hits you but does no damage.
You barely miss Grinder.
Grinder is heavily wounded.
Grinder gestures at you. Pain shoots through your body!
You are too injured to fight recklessly!
You closely miss Grinder. You headbutt Grinder.
Grinder is severely wounded.
Grinder barely misses you.
You barely miss Grinder.
Grinder is severely wounded.
Grinder gestures at you. Pain shoots through your body!
* * * LOW HITPOINT WARNING * * *
Grinder hits you!
You die...

###################
#.................#
#.###############.#
#.# #.....<##.# #.#
#.#######.#
#.#######.# #.#
#.........# #.#
#################.#
.(..........@5...#
##################


You could see Grinder.

Vanquished Creatures
  An orc wizard (D:3)
  An adder (D:2)
  An ufetubus (D:4)
  2 worms
  A dart slug (D:3)
  3 orcs (D:3)
  6 bats
  4 endoplasms
  A giant cockroach (D:1)
  2 goblins
  7 hobgoblins
  3 jackals (D:3)
  3 kobolds
  3 quokkas
  5 ball pythons
  5 rats
48 creatures vanquished.

Notes
Turn   | Place    | Note
-------+----------+-------------------------------------------
     0 | D:1      | arthad the Minotaur Fighter began the quest for the Orb.
     0 | D:1      | Reached XP level 1. HP: 19/19 MP: 0/0
   146 | D:1      | Reached XP level 2. HP: 27/27 MP: 1/1
   561 | D:2      | Found a faded altar of an unknown god.
  1084 | D:2      | Reached XP level 3. HP: 29/33 MP: 2/2
  1720 | D:3      | Reached skill level 1 in Dodging
  1905 | D:3      | Reached XP level 4. HP: 36/40 MP: 3/3
  1949 | D:3      | Found a hide-covered altar of Uskayaw.
  1952 | D:3      | Noticed a +0 hand axe
  1952 | D:3      | Noticed a +0 hand axe
  2054 | D:3      | Found a runed translucent door.
  2054 | D:3      | Noticed knightboat's ghost (amateur DrCj)
  2279 | D:4      | Noticed Grinder
  2280 | D:4      | Paralysed by Grinder for 2 turns
  2284 | D:4      | Paralysed by Grinder for 2 turns
  2295 | D:4      | Paralysed by Grinder for 3 turns
  2304 | D:4      | Slain by Grinder

Illustrated notes

Levels and vault maps discovered:
D:1:      dpeg_arrival_round_c, layout_basic, hangedman_decor_points,
          feat_on_display
D:2:      layout_basic, basic_ecumenical_altar
D:3:      layout_basic, dancing_weapons_uskayaw, gammafunk_ghost_grave
D:4:      layout_basic, uniq_grinder

Skill      XL: |  1  2  3 |
---------------+----------+-----
Shields        | 4 |  4.4
Fighting       | 4 |  4.4
Armour         | 4 |  4.2
Axes           | 3 |  3.4
Dodging        | 1 |  1.3

Action                     |  1- 3 |  4- 6 || total
---------------------------+-------+-------++-------
  Melee: War axe           |    79 |    32 ||   111
         Headbutt          |     6 |     4 ||    10
  Throw: Dart              |       |     3 ||     3
 Armour: Scale mail        |    31 |    13 ||    44
  Dodge: Dodged            |    36 |    13 ||    49
  Block: Buckler           |    12 |     7 ||    19

Table legend: (Time is in decaauts)
 A = Elapsed time spent in this place.
 B = Non-inter-level travel time spent in this place.
 C = Inter-level travel time spent in this place.
 D = Time resting spent in this place.
 E = Time spent auto-exploring this place.
 F = Levels seen in this place.
 G = Mean time per level.
                   A        B        C        D        E       F      G
               +--------+--------+--------+--------+--------+-----+--------+
         Total |   2345 |   2276 |     69 |      0 |   1949 |   4 |  586.2 |
       Dungeon |   2345 |   2276 |     69 |      0 |   1949 |   4 |  586.2 |
               +--------+--------+--------+--------+--------+-----+--------+

Top non-repeatable levels by time:
     D:2: 1007 daAuts
     D:3: 704 daAuts
     D:1: 550 daAuts
     D:4: 83 daAuts
